 Dungeon Crawl Stone Soup version 0.29-a0-559-g359e09b (webtiles) character file.

Game seed: 1962185980129242862

2 Illumine the Skirmisher (level 1, -3/18 HPs)
             Began as a Demonspawn Berserker on June 9, 2022.
             Was a Follower of Trog.
             Frozen to death by an endoplasm (5 damage)
             ... on level 1 of the Dungeon.
             The game lasted 00:00:19 (147 turns).

Illumine the Skirmisher (Demonspawn Berserker)       Turns: 147, Time: 00:00:20

Health: -3/18      AC:  2    Str: 17    XL:     1   Next: 33%
Magic:  1/1        EV: 12    Int:  8    God:    Trog [*.....]
Gold:   10         SH:  0    Dex: 12    Spells: 0/0 levels left

rFire   . . .      SeeInvis .   a - +0 falchion
rCold   . . .      Faith    .   (no shield)
rNeg    . . .      Spirit   .   b - +0 animal skin
rPois   .          Reflect  .   (no helmet)
rElec   .          Harm     .   (no cloak)
rCorr   .          Rampage  .   (no gloves)
Will    .....                   (no boots)
Stlth   +.........              (no amulet)
HPRegen 0.06/turn               (no ring)
MPRegen 0.07/turn               (no ring)

@: hasted, very quick
A: no striking features
a: Renounce Religion, Berserk


You were on level 1 of the Dungeon.
You worshipped Trog.
Trog was aware of your devotion.
You visited 1 branch of the dungeon, and saw 1 of its levels.

You collected 10 gold pieces.

Inventory:

Hand Weapons
 a - a +0 falchion (weapon)
Armour
 b - a +0 animal skin (worn)
Potions
 c - a potion of haste


   Skills:
 + Level 3.0 Fighting
 * Level 2.7 Long Blades
 + Level 1.8 Armour
 - Level 1.8 Dodging


You couldn't memorise any spells.
You didn't know any spells.
Your spell library was empty.

Dungeon Overview and Level Annotations

Branches:
Dungeon (1/15)

Altars:


Message History

You now have 10 gold pieces.
There are no items here.
You closely miss the ball python. The ball python bites you.
The ball python grabs you. The ball python constricts you.
You hit the ball python.
You kill the ball python!
Trog accepts your kill.
You see here a ball python corpse.
A goblin and an endoplasm come into view.
An endoplasm and a bat come into view.
The endoplasm quivers.
The goblin shouts!
The endoplasm quivers.
The bat closely misses you. The bat attacks as you move away! The bat hits you.
The bat barely misses you.
Found 11 gold pieces.
The bat hits you but does no damage.
The endoplasm jiggles.
The bat barely misses you.
You barely miss the bat. The bat closely misses you.
The bat completely misses you. The bat barely misses you.
The endoplasm freezes you.
You are frozen.
You barely miss the endoplasm. The bat hits you but does no damage.
The endoplasm freezes you.
You are frozen.
The endoplasm closely misses you. The bat hits you. The bat misses you.
The endoplasm attacks as you move away! The endoplasm misses you.
The bat hits you. The bat barely misses you.
The bat hits you but does no damage.
You hit the endoplasm.
The endoplasm is lightly wounded.
The bat misses you. The bat closely misses you. The endoplasm hits you. x3
* * * LOW HITPOINT WARNING * * *
The goblin attacks as you move away! The goblin hits you with a +0 club.
* * * LOW HITPOINT WARNING * * *
It was a potion of haste.
You feel yourself speed up. The endoplasm freezes you.
You are frozen.
You die...

###############################
................#......##...#..
........#....#..#.#...#..##..##
#........#.#b#...#.....#.#..#..
............gJ@..##.##..##.####
######....##.J#......#..#.#...#
##....#...##..#.#.##.###.#
##.....#......#..#.#.###.
8......##......##.##..##
............#†..#.##.#...
.......##.##..#...#.######
$#.8.........#...#..#.. #
...#.......#.###


You could see 2 endoplasms, a goblin and a bat.

Vanquished Creatures
  A ball python (D:1)
  A giant cockroach (D:1)
2 creatures vanquished.

Notes
Turn   | Place    | Note
-------+----------+-------------------------------------------
     0 | D:1      | Illumine the Demonspawn Berserker began the quest for the
                  | Orb.
     0 | D:1      | Reached XP level 1. HP: 18/18 MP: 1/1
   147 | D:1      | Frozen to death by an endoplasm

Illustrated notes

Levels and vault maps discovered:
D:1:      erik_arrival_cave_to_civilisation [erik_arrival_cave_to_temple],
          layout_basic, serial_shops, shop, ebering_ecumenical_altar_petrified,
          nrook_mini_backslash

Action                   || total
-------------------------++-------
Melee: Falchion          ||    17
  Use: Potion            ||     1
Armor: Animal skin       ||     7
Dodge: Dodged            ||    21

Table legend: (Time is in decaauts)
 A = Elapsed time spent in this place.
 B = Non-inter-level travel time spent in this place.
 C = Inter-level travel time spent in this place.
 D = Time resting spent in this place.
 E = Time spent auto-exploring this place.
 F = Levels seen in this place.
 G = Mean time per level.
                   A        B        C        D        E       F      G
               +--------+--------+--------+--------+--------+-----+--------+
         Total |    150 |    150 |      0 |      0 |    107 |   1 |  150.0 |
       Dungeon |    150 |    150 |      0 |      0 |    107 |   1 |  150.0 |
               +--------+--------+--------+--------+--------+-----+--------+

Top non-repeatable levels by time:
     D:1: 150 daAuts
